 Dungeon Crawl Stone Soup version 0.30.1-4-g462c640d31 (webtiles) character file.

Game seed: 1347361278997085534

64 ChiefBigBeans the Conjurer (level 3, 0/19 HPs)
             Began as a Deep Elf Conjurer on Sept 12, 2023.
             Slain by a hobgoblin (5 damage)
             ... on level 2 of the Dungeon.
             The game lasted 00:02:48 (1399 turns).

ChiefBigBeans the Conjurer (Deep Elf Conjurer)      Turns: 1399, Time: 00:02:49

Health: 0/19       AC:  2    Str:  4    XL:     3   Next: 91%
Magic:  0/10       EV: 13    Int: 24    God:
Gold:   94         SH:  0    Dex: 13    Spells: 3/9 levels left

rFire   . . .        (no weapon)
rCold   . . .        (no shield)
rNeg    . . .        a - +0 robe
rPois   .            (no helmet)
rElec   .            (no cloak)
rCorr   .            (no gloves)
SInv    .            (no boots)
Will    .....        (no amulet)
Stlth   ++           (no ring)
HPRegen 0.23/turn    (no ring)
MPRegen 0.12/turn

%: no passive effects
@: no status effects
A: no striking features
a: no special abilities


You were on level 2 of the Dungeon.
You visited 1 branch of the dungeon, and saw 2 of its levels.

You collected 94 gold pieces.

Inventory:

Armour
 a - a +0 robe (worn)
Scrolls
 c - 3 scrolls of identify {unknown}
 d - a scroll of fear {unknown}
 f - a scroll of immolation {unknown}
Potions
 b - a potion of magic
 e - a potion of brilliance {unknown}
 g - a potion of haste {unknown}


   Skills:
 + Level 3.2 Dodging
 + Level 3.5 Stealth
 + Level 3.8 Spellcasting
 + Level 4.9 Conjurations


You had 3 spell levels left.
You knew the following spells:

 Your Spells              Type           Power      Damage    Failure   Level
a - Magic Dart            Conj           100%       1d8       1%          1
b - Spider Form           Tmut/Pois      4%         N/A       30%         3
c - Searing Ray           Conj           56%        2d6       1%          2

Your spell library contained the following spells:

 Spells                   Type           Power      Damage    Failure   Level
 Dazzling Flash           Conj/Hex       32%        N/A       11%         3
 Ensorcelled Hibernation  Hex/Ice        8%         N/A       16%         2
 Portal Projectile        Hex/Tloc       8%         N/A       30%         3
 Summon Guardian Golem    Hex/Summ       4%         N/A       30%         3
 Tukima's Dance           Hex            4%         N/A       30%         3
 Fulminant Prism          Conj/Hex       8%         3d7       34%         4
 Iskenderun's Mystic Bla  Conj/Tloc      16%        2d5       34%         4
 Anguish                  Hex/Necr       2%         N/A       69%         4
 Blade Hands              Tmut           2%         N/A       95%         5
 Orb of Destruction       Conj           14%        9d7       100%        7
 Spellforged Servitor     Conj/Summ      8%         N/A       100%        7


Dungeon Overview and Level Annotations

Branches:
Dungeon (2/15)

Altars:


Message History

(Press . to maintain the ray.)
The endoplasm jiggles.
The searing ray hits the hobgoblin.
The hobgoblin is moderately wounded.
The searing ray hits the endoplasm.
You kill the endoplasm!
The searing ray hits the hobgoblin but does no damage.
The searing ray hits the hobgoblin but does no damage.
You finish channelling your searing ray.
The hobgoblin hits you.
The searing ray hits the hobgoblin but does no damage. (Press . to maintain the ray.)
The hobgoblin barely misses you.
The searing ray hits the hobgoblin.
The hobgoblin is moderately wounded.
The hobgoblin misses you.
The searing ray hits the hobgoblin.
The hobgoblin is severely wounded.
The hobgoblin hits you.
The searing ray hits the hobgoblin but does no damage.
The hobgoblin is severely wounded.
You finish channelling your searing ray.
The hobgoblin barely misses you.
You barely miss the hobgoblin.
The hobgoblin is severely wounded.
The hobgoblin hits you.
You are too injured to fight recklessly!
You are too injured to fight recklessly!
Aiming: Magic Dart (safe; 1% risk of failure)
Press: ? - help, Q - select action, (/) - cycle Shift-Dir - straight line, f/p - hobgoblin
Aim: a hobgoblin, wearing a +0 crystal plate armour (severely wounded, 100% to hit)
The magic dart hits the hobgoblin but does no damage.
The hobgoblin is severely wounded.
The hobgoblin hits you.
You don't have enough magic to cast this spell.
Unknown command.
The hobgoblin attacks as you move away! The hobgoblin hits you.
* * * LOW HITPOINT WARNING * * *
The hobgoblin attacks as you move away! The hobgoblin hits you.
You die...

#### ... ..## # ###..###
#.#########......#
............#.#.#
..#.####.....##......#
.......'.g@...##..#..#
.##.####......##..#..######
#......##.)##.......
#..).......#######.#
#....♣.♣...#).......
#...♣.♣.♣.##.#######
#.#..♣_♣..##.# #....
#.#.♣.♣.♣.##.# #....
#.#..♣.♣..##.# #....


You could see a hobgoblin.

Vanquished Creatures
  Jessica (D:2)
  A worm (D:2)
  2 dart slugs (D:1)
  2 bats (D:2)
  3 endoplasms
  2 goblins
  5 hobgoblins
  2 jackals (D:1)
  A quokka (D:2)
  3 ball pythons
  A frilled lizard (D:1)
  3 kobolds
  4 rats
30 creatures vanquished.

Notes
Turn   | Place    | Note
-------+----------+-------------------------------------------
     0 | D:1      | ChiefBigBeans the Deep Elf Conjurer began the quest for the
                  | Orb.
     0 | D:1      | Reached XP level 1. HP: 10/10 MP: 6/6
   285 | D:1      | Reached XP level 2. HP: 15/15 MP: 5/8
  1048 | D:2      | Reached XP level 3. HP: 19/19 MP: 7/10
  1102 | D:2      | Learned a level 3 spell: Spider Form
  1105 | D:2      | Learned a level 2 spell: Searing Ray
  1113 | D:2      | Noticed Jessica
  1117 | D:2      | Killed Jessica
  1283 | D:2      | Found a faded altar of an unknown god.
  1399 | D:2      | Slain by a hobgoblin

Illustrated notes

Levels and vault maps discovered:
D:1:      lightli_arrival_lavapool, layout_rooms, hangedman_decor_growths,
          st_stairs_4
D:2:      layout_basic, chequers_ecumenical_altar_simple_redux, uniq_jessica

Skill      XL: |  1  2  3 |
---------------+----------+-----
Stealth        | 3 |  3.5
Dodging        | 3 |  3.2
Spellcasting   | |  3.8
Conjurations   | |  4.9

Action                     || total
---------------------------++-------
  Melee: Unarmed           ||     1
   Cast: Magic Dart        ||    55
         Searing Ray       ||     7
 Armour: Robe              ||     1
  Dodge: Dodged            ||     3
